 Dungeon Crawl Stone Soup version 0.29.1-12-g30fa7ad0bf (webtiles) character file.

Game seed: 932168875880117219

116 hawla the Chiller (level 5, -1/38 HPs)
             Began as a Meteoran Ice Elementalist on Dec 13, 2022.
             Killed from afar by a white imp (11 damage)
             ... with a puff of frost
             ... on level 4 of the Dungeon.
             The game lasted 00:03:46 (465 turns).

hawla the Chiller (Meteoran Ice Elementalist)        Turns: 465, Time: 00:03:47

Health: -1/38      AC:  2    Str:  9    XL:     5   Next: 46%
Magic:  8/12       EV: 12    Int: 19    God:
Gold:   83         SH:  0    Dex: 14    Spells: 4/12 levels left

rFire   . . .      SeeInvis .   (no weapon)
rCold   . . .      Faith    .   (no shield)
rNeg    . . .      Spirit   .   a - +0 robe
rPois   .          Reflect  .   (no helmet)
rElec   .          Harm     .   (no cloak)
rCorr   .          Rampage  .   (no gloves)
Will    .....                   (no boots)
Stlth   +.........              (no amulet)
HPRegen 0.12/turn               (no ring)
MPRegen 0.13/turn               (no ring)

@: freezing walls, glowing
A: sense surroundings 1, otherworldly, glowing, explore regen
a: no special abilities


You were on level 4 of the Dungeon.
You visited 1 branch of the dungeon, and saw 4 of its levels.

You collected 83 gold pieces.

Inventory:

Armour
 a - a +0 robe (worn)
Scrolls
 c - 2 scrolls of blinking {unknown}
 f - a scroll of identify {unknown}
Potions
 e - a potion of brilliance {unknown}


   Skills:
 - Level 2.5 Dodging
 - Level 1.4 Stealth
 - Level 4.0 Spellcasting
 + Level 1.0 Conjurations
 - Level 5.9 Ice Magic


You had 4 spell levels left.
You knew the following spells:

 Your Spells              Type           Power      Damage    Failure   Level
a - Freeze                Ice            100%       1d11      1%          1
b - Frozen Ramparts       Ice            52%        1d8       3%          3
c - Hailstorm             Conj/Ice       17%        3d6       32%         4

Your spell library contained the following spells:

 Spells                   Type           Power      Damage    Failure   Level
 Ozocubu's Armour         Ice            26%        N/A       3%          3


Dungeon Overview and Level Annotations

Branches:
Dungeon (4/15) Zot: 1934
 Temple: D:4-7

Altars:


Innate Abilities, Weirdness & Mutations

You passively map a small area around you.
You are easily found by Zot.
You glow in the dark.
You regain HP and MP as you explore.


Message History

Aiming: Freeze (safe; 1% risk of failure)
Press: ? - help, Shift-Dir - straight line, f - white imp
Aim: a white imp (heavily wounded)
You freeze the white imp.
The white imp resists.
The white imp is heavily wounded.
The white imp completely resists.
The wall freezes the white imp but does no damage.
The white imp hits you but does no damage.
Casting: Freeze (safe; 1% risk of failure)
Confirm with . or Enter, or press ? or * to list all spells.
Aiming: Freeze (safe; 1% risk of failure)
Press: ? - help, Shift-Dir - straight line, f/p - white imp
Aim: a white imp (heavily wounded)
You freeze the white imp but do no damage.
The white imp completely resists. x2
The wall freezes the white imp but does no damage.
The white imp gestures at you. The puff of frost hits you.
You hit the white imp but do no damage.
The white imp is heavily wounded.
The white imp completely resists.
The wall freezes the white imp but does no damage.
The white imp hits you. The white imp freezes you.
You barely miss the white imp.
The white imp is heavily wounded.
The white imp completely resists.
The wall freezes the white imp but does no damage.
The white imp barely misses you.
You hit the white imp but do no damage.
The white imp is heavily wounded.
The white imp completely resists.
The wall freezes the white imp but does no damage.
The white imp gestures at you. The puff of frost hits you!
* * * LOW HITPOINT WARNING * * *
You feel better.
The wall freezes the white imp but does no damage.
The white imp gestures at you. The puff of frost hits you!
You die...

, , *#####*
* #### * * *
,,..# ** *
**#.### , *
,#.'.## ,
,#.'5.# *
#.'@.#
.###.##.#
.....##.###
* ,,
#######.(..#
#####......#
* #...)..#
,* *
#......# *,
#......#
#......####
*


You could see a white imp.

Vanquished Creatures
  A scorpion (D:4)
  2 adders (D:4)
  An orc (D:3)
  2 ball pythons
  3 endoplasms
  2 giant cockroaches
  2 goblins
  4 hobgoblins
  4 jackals (D:2)
  4 kobolds
  A quokka (D:1)
  A bat (D:1)
  A frilled lizard (D:1)
  5 rats
33 creatures vanquished.

Notes
Turn   | Place    | Note
-------+----------+-------------------------------------------
     0 | D:1      | hawla the Meteoran Ice Elementalist began the quest for the
                  | Orb.
     0 | D:1      | Reached XP level 1. HP: 14/14 MP: 5/5
   148 | D:1      | Reached XP level 2. HP: 20/20 MP: 3/6
   238 | D:1      | Reached skill level 5 in Ice Magic
   246 | D:1      | Reached XP level 3. HP: 26/26 MP: 5/8
   281 | D:2      | Learned a level 3 spell: Frozen Ramparts
   423 | D:4      | Noticed a scorpion
   431 | D:4      | Reached XP level 4. HP: 24/33 MP: 2/9
   431 | D:4      | Killed a scorpion
   432 | D:4      | Reached XP level 5. HP: 27/38 MP: 1/12
   437 | D:4      | Learned a level 4 spell: Hailstorm
   454 | D:4      | Reached skill level 1 in Conjurations
   465 | D:4      | Killed from afar by a white imp

Illustrated notes

Levels and vault maps discovered:
D:1:      ncdulo_smallfort, layout_loops_ring,
          hellmonk_ecumenical_altar_heavens_door, roderic_roman_lattice,
          minivault_14, hangedman_decor_diamond_cutter
D:2:      layout_loops_ring, basic_altar, serial_shops,
          nicolae_shop_competitors_out_of_business,
          chequers_serial_rivers_room_a, due_unseen_surprise
D:3:      layout_basic, minmay_circle_x
D:4:      layout_basic, mainiacjoe_overflow_alcove_4, minmay_between

Skill      XL: |  1  2  3  4  5 |
---------------+----------------+-----
Ice Magic      | 5 |  5.9
Spellcasting   | 3 4 |  4.0
Conjurations   | 1 |  1.0
Dodging        | |  2.5
Stealth        | |  1.4

Action                   |  1- 3 |  4- 6 || total
-------------------------+-------+-------++-------
Melee: Unarmed           |     3 |     3 ||     6
 Cast: Freeze            |    41 |     6 ||    47
       Frozen Ramparts   |     1 |     2 ||     3
  Use: Potion            |       |     3 ||     3
Armor: Robe              |     6 |     1 ||     7
Dodge: Dodged            |    17 |     7 ||    24
